 Dungeon Crawl Stone Soup version 0.28-a0-1033-g1a2f33fa85 (webtiles) character file.

Game seed: 11032359134303578581

13224 siradein the Fighter (level 12, -1/108 HPs)
             Began as a Hill Orc Fighter on Dec 8, 2021.
             Was a Follower of Beogh.
             Slain by a komodo dragon (21 damage)
             ... on level 1 of the Lair of Beasts.
             The game lasted 00:38:55 (16095 turns).

siradein the Fighter (Hill Orc Fighter)            Turns: 16095, Time: 00:38:55

Health: -1/108     AC: 16    Str: 22    XL:     12   Next: 3%
Magic:  15/15      EV:  9    Int:  8    God:    Beogh [*.....]
Gold:   270        SH: 17    Dex: 18    Spells: 11/11 levels left

rFire   + . .      SeeInvis .   J - +4 morningstar
rCold   . . .      Faith    .   f - +0 kite shield
rNeg    . . .      Spirit   .   R - +0 swamp dragon scales
rPois   +          Reflect  +   (no helmet)
rElec   .          Harm     .   N - +0 cloak
rCorr   .          Rampage  .   a - +0 pair of gloves
Will    .....                   l - +2 pair of boots {Stlth+}
Stlth   ++........              o - amulet of reflection
HPRegen 0.28/turn               q - ring of protection from fire
MPRegen 0.14/turn               s - +6 ring of dexterity

@: no status effects
A: no striking features
a: Renounce Religion


You were on level 1 of the Lair of Beasts.
You worshipped Beogh.
Beogh was aware of your devotion.
You visited 3 branches of the dungeon, and saw 13 of its levels.
You also visited: Ossuary.

You collected 970 gold pieces.
You spent 700 gold pieces at shops.

Inventory:

Hand Weapons
 J - a +4 morningstar (weapon)
 Q - the +7 war axe "Muna" {vorpal, rF+ rC+ Stlth-}
   (You found it on level 9 of the Dungeon)

   It inflicts extra damage upon your enemies.
   rF:        It protects you from fire.
   rC:        It protects you from cold.
   Stlth:     It makes you less stealthy.
Missiles
 m - a throwing net
 n - 58 poisoned darts (quivered)
 O - 2 curare-tipped darts
Armour
 a - a +0 pair of gloves (worn)
 f - a +0 kite shield (worn)
 l - a +2 pair of boots of stealth (worn)
 N - a +0 cloak (worn)
 R - +0 swamp dragon scales (worn)
Jewellery
 o - an amulet of reflection (around neck)
 q - a ring of protection from fire (left hand)
 s - a +6 ring of dexterity (right hand)
 E - a ring of wizardry
 G - a ring of resist corrosion
 H - a +6 ring of intelligence
Wands
 c - a wand of mindburst (13)
 v - a wand of flame (10)
 y - a wand of digging (8)
 z - a wand of iceblast (5)
 S - a wand of polymorph (3)
Scrolls
 b - a scroll of immolation
 e - 2 scrolls of fog
 h - 2 scrolls of acquirement
 i - 2 scrolls of blinking
 w - 2 scrolls of silence
 x - 3 scrolls of vulnerability {unknown}
 B - 6 scrolls of teleportation
 C - 3 scrolls of amnesia
 D - 2 scrolls of magic mapping {unknown}
 M - 2 scrolls of fear
Potions
 d - 4 potions of might
 g - 3 potions of magic
 j - a potion of ambrosia
 k - 2 potions of invisibility
 p - 4 potions of heal wounds
 r - 6 potions of curing
 t - 8 potions of brilliance
 u - 3 potions of haste {unknown}
 A - 3 potions of flight
 F - a potion of mutation {unknown}
 I - 3 potions of degeneration {unknown}
 K - 4 potions of attraction {unknown}


   Skills:
 + Level 10.8 Fighting
 + Level 9.6 Maces & Flails
 + Level 9.8 Armour
 + Level 9.9 Shields
 + Level 5.1 Invocations
 + Level 7.8 Evocations


You had 11 spell levels left.
You didn't know any spells.
Your spell library contained the following spells:

 Spells                   Type           Power      Damage    Failure   Level
 Passwall                 Tmut/Erth      0%         N/A       88%         2
 Sublimation of Blood     Necr           0%         N/A       88%         2
 Conjure Flame            Conj/Fire      0%         6-21      98%         3
 Ignite Poison            Fire/Tmut/Pois 0%         N/A       98%         3
 Ozocubu's Armour         Ice            0%         N/A       98%         3
 Swiftness                Air            0%         N/A       98%         3
 Airstrike                Air            0%         N/A       100%        4
 Leda's Liquefaction      Hex/Erth       0%         N/A       100%        4
 Olgreb's Toxic Radiance  Pois           0%         N/A       100%        4
 Petrify                  Tmut/Erth      0%         N/A       100%        4
 Sticky Flame             Conj/Fire      0%         2d3       100%        4
 Summon Lightning Spire   Summ/Air       0%         N/A       100%        4
 Irradiate                Conj/Tmut      0%         3d14      100%        5
 Lee's Rapid Deconstruct  Erth           0%         3d5*      100%        5
 Lightning Bolt           Conj/Air       0%         1d11      100%        5
 Metabolic Englaciation   Hex/Ice        0%         N/A       100%        5
 Simulacrum               Ice/Necr       0%         N/A       100%        6
 Statue Form              Tmut/Erth      0%         N/A       100%        6
 Ozocubu's Refrigeration  Ice            0%         4d5       100%        7
 Ignition                 Fire           0%         3d3       100%        8


Dungeon Overview and Level Annotations

Branches:
Dungeon (11/15)            Temple (1/1) D:6            Lair (1/6) D:11
    Orc (0/2) D:9         Ossuary (visited)

Altars:
Ashenzari
Cheibriados
Dithmenos
Elyvilon
Fedhas
Gozag
Hepliaklqana
Kikubaaqudgha
Makhleb
Nemelex Xobeh
Okawaru
Qazlal
Ru
Sif Muna
Trog
Uskayaw
Vehumet
Wu Jian
Xom
Yredelemnul
Zin
The Shining One

Shops:
D:8 *   D:9 *   D:10 *


Message History

The komodo dragon barely misses you.
You closely miss the komodo dragon.
The komodo dragon is almost dead.
The komodo dragon misses you. The komodo dragon barely misses you.
You impale the komodo dragon!!
You kill the komodo dragon!
Beogh accepts your kill.
You hit the komodo dragon.
The komodo dragon is lightly wounded.
The komodo dragon bites you!!
You barely miss the komodo dragon.
The komodo dragon is lightly wounded.
The komodo dragon bites you!! You block the komodo dragon's attack.
You are too injured to fight recklessly!
You are too injured to fight recklessly!
You are too injured to fight recklessly!
You puncture the komodo dragon!
The komodo dragon is moderately wounded.
You block the komodo dragon's attack.
You sock the komodo dragon!
The komodo dragon is heavily wounded.
You block the komodo dragon's attack.
You barely miss the komodo dragon.
The komodo dragon is heavily wounded.
The komodo dragon bites you!
* * * LOW HITPOINT WARNING * * *
You barely miss the komodo dragon.
The komodo dragon is heavily wounded.
You block the komodo dragon's attack.
You bludgeon the komodo dragon!!
The komodo dragon is almost dead.
The komodo dragon bites you!
* * * LOW HITPOINT WARNING * * *
You closely miss the komodo dragon.
The komodo dragon is almost dead.
You block the komodo dragon's attack.
You closely miss the komodo dragon.
The komodo dragon is almost dead.
You block the komodo dragon's attack. The komodo dragon bites you!!
You die...

..............#####.####
........................
........................
........................
................#.......
................##....##
....l...........##....##
....###l###.....#P....##
. #@###.....##.....#
#....#......#.....##
..)....##.....##......
...########.....##....#.
.. ##.(....######.#
..........########
..................
...................
...................


You could see a komodo dragon.

Vanquished Creatures
  A fire dragon (D:11)
  Erolcha (D:9)
  3 two-headed ogres
  Pikel (D:8)
  A deep elf pyromancer (D:10)
  A cyclops (D:11)
  Maurice (D:8)
  2 komodo dragons
  6 slime creatures (D:9)
  2 shadows (D:9)
  A vampire (D:11)
  A wyvern (D:8)
  6 yaks
  Eustachio (D:6)
  2 steam dragons (D:11)
  A warg (D:9)
  3 water moccasins
  The ghost of dang3rdave the Ruffian, an amateur GrTm of Yredelemnul (D:4)
  An acid dragon (D:9)
  Duvessa (D:4)
  4 orc warriors
  A sky beast (D:5)
  An ice beast (D:5)
  3 black bears (D:7)
  2 centaurs
  3 ogres
  3 phantoms
  3 kobold brigands
  Blork the orc (D:6)
  A bullfrog (D:9)
  2 gnoll sergeants
  A scorpion (D:4)
  Dowan (D:4)
  A water moccasin skeleton (D:5)
  4 killer bees (D:6)
  3 wights (D:7)
  4 howler monkeys
  5 centaur zombies
  3 hounds
  2 centaur skeletons
  A bullfrog skeleton (D:4)
  A gnoll shaman (D:9)
  A jelly (D:7)
  2 orc priests
  An iguana (D:5)
  9 orc wizards
  A hound skeleton (D:4)
  8 mummies (Ossuary)
  15 gnolls
  6 adders
  A shadow imp (D:5)
  A white imp (D:6)
  3 worms
  2 dart slugs (D:3)
  25 orcs
  7 bats
  7 endoplasms
  5 giant cockroaches
  7 hobgoblins
  7 jackals
  5 quokkas
  5 ball pythons
  2 frilled lizards
  A gnoll zombie (Ossuary)
  2 goblins
  4 hobgoblin zombies
  25 kobolds
  A kobold zombie (Ossuary)
  3 orc zombies (Ossuary)
  12 rats
255 creatures vanquished.

Vanquished Creatures (others)
  An orc warrior (D:9)
  2 orc priests (D:9)
  A kobold (D:4)
  A fungus (Lair:1)
  A plant (Lair:1)
6 creatures vanquished.

Grand Total: 261 creatures vanquished

Notes
Turn   | Place    | Note
-------+----------+-------------------------------------------
     0 | D:1      | siradein the Hill Orc Fighter began the quest for the Orb.
     0 | D:1      | Reached XP level 1. HP: 19/19 MP: 1/1
    46 | D:1      | Reached XP level 2. HP: 11/27 MP: 2/2
   783 | D:1      | Reached skill level 4 in Fighting
   783 | D:1      | Reached XP level 3. HP: 28/33 MP: 3/3
  1124 | D:2      | Found a sacrificial altar of Ru.
  1790 | D:2      | Reached XP level 4. HP: 40/40 MP: 4/4
  2553 | D:3      | Reached XP level 5. HP: 47/47 MP: 5/5
  2717 | D:3      | Found a faded altar of an unknown god.
  3427 | D:3      | Reached skill level 5 in Fighting
  3427 | D:3      | Reached XP level 6. HP: 36/56 MP: 6/6
  4059 | D:4      | Noticed Dowan
  4060 | D:4      | Noticed Duvessa
  4071 | D:4      | Killed Duvessa
  4072 | D:4      | Reached skill level 5 in Armour
  4072 | D:4      | Reached skill level 5 in Shields
  4072 | D:4      | Reached skill level 1 in Evocations
  4072 | D:4      | Reached XP level 7. HP: 49/61 MP: 7/7
  4318 | D:4      | Killed Dowan
  4772 | D:4      | Found a runed translucent door.
  4938 | D:4      | Noticed dang3rdave's ghost (amateur GrTm)
  4975 | D:4      | Killed dang3rdave's ghost
  4976 | D:4      | Reached skill level 6 in Fighting
  4998 | D:5      | Entered Level 5 of the Dungeon
  5106 | D:5      | Reached skill level 5 in Maces & Flails
  5106 | D:5      | Reached XP level 8. HP: 65/70 MP: 8/8
  6410 | D:6      | Noticed Eustachio
  6459 | D:6      | Killed Eustachio
  6460 | D:6      | Reached skill level 7 in Fighting
  6556 | D:6      | Noticed Blork the orc
  6566 | D:6      | Killed Blork the orc
  6567 | D:6      | Reached XP level 9. HP: 74/79 MP: 9/9
  6610 | D:6      | Found a staircase to the Ecumenical Temple.
  7359 | D:7      | Found a blossoming altar of Fedhas.
  8287 | D:6      | Reached skill level 8 in Fighting
  8917 | D:7      | Identified 2 scrolls of acquirement
  8974 | D:8      | Reached skill level 5 in Evocations
  9031 | D:8      | Found a sand-covered staircase.
  9058 | Ossuary  | Entered an ossuary
  9328 | D:8      | Noticed Pikel
  9346 | D:8      | Killed Pikel
  9347 | D:8      | Reached XP level 10. HP: 66/90 MP: 10/10
  9569 | D:8      | Noticed Maurice
  9610 | D:8      | Killed Maurice
 10061 | D:8      | Found Xuumo's Neck Hole.
 10128 | D:8      | Found an opulent altar of Gozag.
 10129 | D:8      | Found a shadowy altar of Dithmenos.
 10369 | Temple   | Entered the Ecumenical Temple
 10936 | D:9      | Noticed Erolcha
 10947 | D:9      | Killed Erolcha
 10948 | D:9      | Reached skill level 9 in Fighting
 11190 | D:9      | Found a staircase to the Orcish Mines.
 11244 | D:9      | Became a worshipper of Beogh the Brigand
 11351 | D:9      | Noticed a two-headed ogre
 11422 | D:9      | Killed a two-headed ogre
 11604 | D:9      | Identified the +7 war axe "Muna" {vorpal, rF+ rC+ Stlth-}
 11811 | D:9      | Noticed a two-headed ogre
 11829 | D:9      | Killed a two-headed ogre
 11836 | D:9      | Reached XP level 11. HP: 39/99 MP: 11/11
 12273 | D:9      | Reached skill level 1 in Invocations
 12445 | D:9      | Reached skill level 10 in Fighting
 12725 | D:9      | Found Ymiepint's Serpentskin Sales.
 12730 | D:9      | Bought +0 swamp dragon scales for 700 gold pieces
 13022 | D:10     | Entered Level 10 of the Dungeon
 13079 | D:10     | Noticed a two-headed ogre
 13201 | D:10     | Noticed a deep elf pyromancer
 13209 | D:10     | Killed a deep elf pyromancer
 13433 | D:10     | Reached * piety under Beogh
 13533 | D:10     | Killed a two-headed ogre
 14008 | D:10     | Found Ropsur's Assorted Antiques.
 14338 | D:11     | Noticed a cyclops
 14345 | D:11     | Killed a cyclops
 14889 | D:11     | Noticed a fire dragon
 15449 | D:11     | Found a staircase to the Lair.
 15466 | D:11     | Killed a fire dragon
 15704 | Lair:1   | Entered Level 1 of the Lair of Beasts
 15970 | Lair:1   | Reached XP level 12. HP: 100/108 MP: 15/15
 16033 | Lair:1   | Reached skill level 5 in Invocations
 16095 | Lair:1   | Slain by a komodo dragon

Illustrated notes

Levels and vault maps discovered:
D:1:      lightli_arrival_boilingwater, layout_loops_ring, minmay_crystal_water
D:2:      layout_rooms, basic_altar
D:3:      minmay_evil_eye, layout_basic, shapermc_ecumenical_altar_totnotflames
D:4:      layout_cave_pods, ebering_ghost_sewer_d, minmay_door_square,
          uniq_duvessa
D:5:      layout_basic
D:6:      layout_basic, temple_pool_b, uniq_eustachio, uniq_blork_the_orc
D:7:      layout_layer_cave, fedhas_ov_isle_minmay
D:8:      layout_loops_corners, mainiacjoe_overflow_divided_tiny,
          enter_ossuary_3, nicolae_shop_sticking_my_neck_out, uniq_pikel,
          uniq_maurice
D:9:      layout_layer_cave, david_orc_1_choice, guppyfry_shop_venom,
          uniq_erolcha
D:10:     layout_cave_pools, serial_shops, nicolae_shop_behind_doors,
          kennysheep_generic_room_10
D:11:     cheibrodos_steamvent, layout_basic, minmay_lair_entry_lava
Temple:   mainiacjoe_temple_bowtie_tessellation
Lair:1:   layout_regular_city, uniq_prince_ribbit2

Skill      XL: |  1  2  3  4  5  6  7  8  9 10 11 12 |
---------------+-------------------------------------+-----
Fighting       | 4 5 6 7 8 9 10 | 10.8
Maces & Flails | 3 4 5 6 7 8 9 |  9.6
Shields        | 4 5 6 7 8 9 |  9.9
Armour         | 4 5 6 7 8 9 |  9.8
Evocations     | 1 2 3 5 6 7 |  7.8
Invocations    | 4 5 |  5.1

Action                   |  1- 3 |  4- 6 |  7- 9 | 10-12 || total
-------------------------+-------+-------+-------+-------++-------
Melee: Flail             |   137 |   153 |   190 |       ||   480
       Mace              |       |       |   140 |       ||   140
       Morningstar       |       |       |   116 |   295 ||   411
       War axe           |       |       |       |    48 ||    48
Throw: Dart              |       |     8 |    11 |    16 ||    35
Invok: Convert to Beogh  |       |       |       |     1 ||     1
Evoke: Wand              |       |       |       |     5 ||     5
  Use: Scroll            |       |       |    12 |     2 ||    14
 Stab: Sleeping          |       |       |       |     3 ||     3
Armor: Scale mail        |    63 |    46 |    68 |       ||   177
       Plate armour      |       |       |   139 |    72 ||   211
       Swamp dragon scal |       |       |       |    58 ||    58
       Steam dragon scal |       |       |       |     1 ||     1
Dodge: Dodged            |    38 |    37 |    89 |    77 ||   241
Block: Buckler           |    11 |       |       |       ||    11
       Kite shield       |    35 |   129 |   416 |   308 ||   888
       Reflection        |       |     2 |     6 |     6 ||    14

Table legend: (Time is in decaauts)
 A = Elapsed time spent in this place.
 B = Non-inter-level travel time spent in this place.
 C = Inter-level travel time spent in this place.
 D = Time resting spent in this place.
 E = Time spent auto-exploring this place.
 F = Levels seen in this place.
 G = Mean time per level.
                   A        B        C        D        E       F      G
               +--------+--------+--------+--------+--------+-----+--------+
         Total |  16454 |  16006 |    448 |   1355 |  11234 |  14 | 1175.3 |
       Dungeon |  15799 |  15382 |    417 |   1355 |  10777 |  11 | 1436.3 |
        Temple |    234 |    204 |     30 |      0 |    187 |   1 |  234.0 |
          Lair |    144 |    144 |      0 |      0 |     90 |   1 |  144.0 |
       Ossuary |    275 |    275 |      0 |      0 |    180 |   1 |  275.0 |
               +--------+--------+--------+--------+--------+-----+--------+

Top non-repeatable levels by time:
     D:9: 2647 daAuts
    D:11: 1945 daAuts
     D:7: 1545 daAuts
     D:3: 1520 daAuts
     D:5: 1374 daAuts
     D:4: 1339 daAuts
     D:2: 1182 daAuts
     D:6: 1182 daAuts
     D:8: 1167 daAuts
     D:1: 1121 daAuts
    D:10: 773 daAuts
 Ossuary: 275 daAuts
  Temple: 234 daAuts
  Lair:1: 144 daAuts
